 Dungeon Sprint DCSS version 0.21-a0-216-g6d3fd91 (webtiles) character file.

10300000 minicreteconcrete the Conqueror (level 27, -14/323 HPs)
             Began as a Demonspawn Fighter on Aug 23, 2017.
             Was the Champion of Makhleb.
             Demolished by The Servant
             ... wielding a +9 glaive of flaming
              (19 damage)
             ... in the Dungeon (Sprint VIII: "Arena of Blood").
             The game lasted 00:04:16 (103 turns).

minicreteconcrete the Conqueror (Demonspawn Fighter) Turns: 103, Time: 00:04:19

Health: -14/323    AC: 25    Str: 24    XL:     27
Magic:  54/54      EV: 40    Int: 10    God:    Makhleb [******]
Gold:   0          SH:  0    Dex: 28    Spells: 80/80 levels left

rFire    + + .     SeeInvis +   l - +∞ Axe of Woe
rCold    . . .     Gourm    .   (shield currently unavailable)
rNeg     . . .     Faith    .   b - +0 scale mail
rPois    .         Spirit   .   (no helmet)
rElec    .         Reflect  .   (no cloak)
rCorr    .         Harm     .   (gloves unavailable)
MR       ++...     NoTele   +   (no boots)
Stlth    +++++++++.             (no amulet)
HPRegen  0.63/turn              m - ring of see invisible
MPRegen  0.34/turn              n - ring of protection from fire

@: mighty, agile, sanguine armour
A: claws 3, fire resistance 1, ignite blood, powered by pain 3, robust 3, flame
cloud immunity, sanguine armour 3
a: Minor Destruction, Lesser Servant of Makhleb, Major Destruction, Greater
Servant of Makhleb, Renounce Religion


You were in the Dungeon.
You worshipped Makhleb.
Makhleb was exalted by your worship.
You were not hungry.

You visited 1 branch

Inventory:

Hand Weapons
 a - a +0 war axe
 l - the +∞ Axe of Woe (weapon)
   (You found it in the Dungeon)
Armour
 b - a +0 scale mail (worn)
 c - a +0 shield
Jewellery
 m - a ring of see invisible (left claw)
 n - a ring of protection from fire (right claw)
Scrolls
 k - a scroll of blinking
Potions
 d - a potion of might
 e - a potion of curing
 g - a potion of heal wounds
 h - a potion of haste
 i - 2 potions of magic
 j - a potion of berserk rage
Comestibles
 f - a bread ration


   Skills:
 O Level 27 Fighting
 O Level 27 Axes
 O Level 27 Throwing
 O Level 27 Armour
 O Level 27 Dodging
 O Level 27 Stealth
 O Level 27 Shields
 O Level 27 Unarmed Combat
 O Level 27 Spellcasting
 O Level 27 Invocations


You had 80 spell levels left.
You didn't know any spells.

Dungeon Overview and Level Annotations

Branches:
Dungeon (1/1)

Altars:
Makhleb

Annotations:
D The Servant


Innate Abilities, Weirdness & Mutations

You have claws for hands.
Your flesh is heat resistant. (rF+)
Your demonic aura causes spilled blood to erupt in flames.
You are powered by pain.
You are extremely robust. (+30% HP)
You are immune to clouds of flame.
When seriously injured, your bleeding wounds create very thick armour. (AC +12)


Message History

Your life force feels restored.
You slash the small abomination!
You cleave the small abomination in twain.
You destroy the small abomination!
Makhleb accepts your kill.
You feel better.
You slash the tyrant!
You slaughter the tyrant joyfully.
You destroy the tyrant!
Makhleb accepts your kill.
You slice the bag of meat!!
You dissect the bag of meat like a pig carcass.
You kill the bag of meat!
Makhleb accepts your kill.
You feel better.
You hear a shout! x3
The Servant hits you from afar with a +9 glaive of flaming!!!!
* * * LOW HITPOINT WARNING * * *
You focus on the pain.
You feel more agile all of a sudden. The Servant burns you!!
You die...

#.....###.ox...#...
#.G..#..z..V.......
#.....))W#......%.%
#..x..oX)x#....%...
#....xo.).X..#.....
#..D)oV...#......##
#WxxW#o............
#§§))##.......#....
#§@)W.#.....#......
#.§§..X###.........
#§O§@x## ..#. ....
#§oox#... .. ...
#oDxo#.G.. ...
#......... .##
#.........
#.......§ #........


You could see The Servant, 2 eight-headed meat hydras, a destroyer, 2 observers,
a sculptor of flesh, a large bag of meat (inner flame), 2 large abominations, 3
wretched souls, a dread, 3 small abominations, 7 bags of meat and 5 crawling
corpses.

Vanquished Creatures
  11 hell beasts (D)
  A greater mummy (D)
  A wraith (D)
  13 vampire knights (D)
  27 ogres (D)
  6 two-headed ogres (D)
  2 liches (D)
  A hydra (D)
  92 orcs (D)
  A phantom (D)
  5 skeletal warriors (D)
  2 large abominations (D)
  5 small abominations (D)
  8 crawling corpses (D)
175 creatures vanquished.

Notes
Turn   | Place    | Note
-------+----------+-------------------------------------------
     0 | D        | Found the +∞ Axe of Woe
     0 | D        | minicreteconcrete the Demonspawn Fighter began the quest for the Orb.
     0 | D        | Reached XP level 1. HP: 18/18 MP: 1/1
     2 | D        | Noticed a bag of meat
     3 | D        | Noticed a bag of meat
     3 | D        | Noticed a bag of meat
     5 | D        | Noticed a bag of meat
     7 | D        | Killed a bag of meat
     7 | D        | Gained mutation: Your flesh is heat resistant. (rF+) [demonic ancestry]
     7 | D        | Reached XP level 2. HP: 45/45 MP: 2/2
     7 | D        | Reached XP level 3. HP: 51/51 MP: 3/3
     7 | D        | Reached XP level 4. HP: 58/58 MP: 4/4
     7 | D        | Reached XP level 5. HP: 64/64 MP: 5/5
     7 | D        | Gained mutation: You have sharp fingernails. [demonic ancestry]
     7 | D        | Reached XP level 6. HP: 71/71 MP: 6/6
     7 | D        | Gained mutation: You sometimes gain a little power by taking damage. [demonic ancestry]
     7 | D        | Reached XP level 7. HP: 78/78 MP: 7/7
     7 | D        | Reached XP level 8. HP: 85/85 MP: 8/8
     7 | D        | Gained mutation: You are immune to clouds of flame. [demonic ancestry]
     7 | D        | Reached XP level 9. HP: 91/91 MP: 9/9
     7 | D        | Reached XP level 10. HP: 98/98 MP: 10/10
     7 | D        | Gained mutation: You have very sharp fingernails. [demonic ancestry]
     7 | D        | Reached XP level 11. HP: 104/104 MP: 11/11
     8 | D        | Noticed a bag of meat
     8 | D        | Noticed a bag of meat
     8 | D        | Noticed a bag of meat
     9 | D        | Killed a bag of meat
     9 | D        | Reached skill level 10 in Axes
     9 | D        | Gained mutation: When seriously injured, your bleeding wounds create armour. (AC +12) [demonic ancestry]
     9 | D        | Reached XP level 12. HP: 117/117 MP: 12/12
    11 | D        | Became a worshipper of Makhleb the Destroyer
    12 | D        | Killed a bag of meat
    12 | D        | Gained mutation: When seriously injured, your bleeding wounds create thick armour. (AC +12) [demonic ancestry]
    12 | D        | Reached XP level 13. HP: 105/127 MP: 13/13
    12 | D        | Killed a bag of meat
    12 | D        | Reached * piety under Makhleb
    12 | D        | Gained mutation: When seriously injured, your bleeding wounds create very thick armour. (AC +12) [demonic ancestry]
    12 | D        | Reached XP level 14. HP: 114/138 MP: 14/14
    12 | D        | Killed a bag of meat
    13 | D        | Noticed a bag of meat
    14 | D        | Noticed a meat berserker
    14 | D        | Noticed a meat berserker
    15 | D        | Noticed a bag of meat
    15 | D        | Noticed a meat berserker
    16 | D        | Noticed a bag of meat
    16 | D        | Noticed a bag of meat
    16 | D        | Noticed a bag of meat
    16 | D        | Noticed a bag of meat
    17 | D        | Noticed a bag of meat
    17 | D        | Noticed a bag of meat
    17 | D        | Noticed a bag of meat
    17 | D        | Noticed a bag of meat
    17 | D        | Noticed a meat berserker
    17 | D        | Noticed a bag of meat
    17 | D        | Noticed a bag of meat
    17 | D        | Noticed a meat berserker
    17 | D        | Noticed a large bag of meat
    17 | D        | Noticed a bag of meat
    18 | D        | Noticed a bag of meat
    18 | D        | Noticed a bag of meat
    18 | D        | Noticed a bag of meat
    18 | D        | Killed a meat berserker
    18 | D        | Reached skill level 15 in Axes
    18 | D        | Gained mutation: Your demonic aura causes spilled blood to erupt in flames. [demonic ancestry]
    18 | D        | Reached XP level 15. HP: 145/149 MP: 15/15
    18 | D        | Killed a meat berserker
    18 | D        | Reached ** piety under Makhleb
    18 | D        | Gained mutation: You sometimes gain power by taking damage. [demonic ancestry]
    18 | D        | Reached XP level 16. HP: 156/160 MP: 16/16
    19 | D        | Noticed a meat berserker
    19 | D        | Noticed a large bag of meat
    20 | D        | Noticed a large bag of meat
    20 | D        | Noticed a meat berserker
    20 | D        | Killed a meat berserker
    20 | D        | Reached *** piety under Makhleb
    20 | D        | Reached skill level 15 in Dodging
    20 | D        | Reached XP level 17. HP: 173/173 MP: 17/17
    20 | D        | Reached skill level 27 in Fighting
    21 | D        | Reached XP level 18. HP: 182/182 MP: 18/18
    21 | D        | Reached **** piety under Makhleb
    21 | D        | Reached skill level 27 in Armour
    21 | D        | Gained mutation: You have claws for hands. [demonic ancestry]
    21 | D        | Reached XP level 19. HP: 189/189 MP: 19/19
    21 | D        | Noticed a large bag of meat
    22 | D        | Noticed a meat berserker
    22 | D        | Noticed a meat berserker
    22 | D        | Reached ***** piety under Makhleb
    22 | D        | Killed a large bag of meat
    22 | D        | Killed a meat berserker
    22 | D        | Reached skill level 27 in Shields
    22 | D        | Reached skill level 27 in Axes
    22 | D        | Gained mutation: You are robust. (+10% HP) [demonic ancestry]
    22 | D        | Reached XP level 20. HP: 189/216 MP: 20/20
    22 | D        | Reached skill level 27 in Stealth
    23 | D        | Reached skill level 27 in Dodging
    23 | D        | Killed a meat berserker
    23 | D        | Reached skill level 15 in Invocations
    23 | D        | Gained mutation: You are very robust. (+20% HP) [demonic ancestry]
    23 | D        | Reached XP level 21. HP: 216/244 MP: 20/38
    23 | D        | Killed a large bag of meat
    23 | D        | Reached ****** piety under Makhleb
    23 | D        | Reached skill level 15 in Throwing
    23 | D        | Reached skill level 15 in Unarmed Combat
    23 | D        | Reached skill level 15 in Spellcasting
    24 | D        | Noticed a destroyer
    25 | D        | Noticed a destroyer
    25 | D        | Killed a large bag of meat
    25 | D        | Gained mutation: You are powered by pain. [demonic ancestry]
    25 | D        | Reached XP level 22. HP: 254/254 MP: 20/45
    25 | D        | Killed a large bag of meat
    25 | D        | Reached skill level 27 in Invocations
    27 | D        | Reached XP level 23. HP: 262/262 MP: 41/53
    27 | D        | Reached skill level 27 in Throwing
    27 | D        | Reached skill level 27 in Unarmed Combat
    27 | D        | Reached skill level 27 in Spellcasting
    28 | D        | Reached XP level 24. HP: 272/272 MP: 41/54
    29 | D        | Noticed a destroyer
    31 | D        | Killed a destroyer
    31 | D        | Reached XP level 25. HP: 280/280 MP: 42/54
    37 | D        | Noticed a destroyer
    37 | D        | Noticed a destroyer
    44 | D        | Killed a destroyer
    45 | D        | Noticed a destroyer
    48 | D        | Noticed a tyrant
    49 | D        | Noticed a destroyer
    51 | D        | Noticed a destroyer
    52 | D        | Reached XP level 26. HP: 290/290 MP: 48/54
    53 | D        | Noticed a large bag of meat
    53 | D        | Killed a tyrant
    54 | D        | Killed a destroyer
    55 | D        | Noticed a destroyer
    56 | D        | Noticed an accursed
    56 | D        | Gained mutation: You are extremely robust. (+30% HP) [demonic ancestry]
    56 | D        | Reached XP level 27. HP: 290/323 MP: 49/54
    58 | D        | Killed an accursed
    59 | D        | Killed a destroyer
    59 | D        | Killed a large bag of meat
    59 | D        | Killed a destroyer
    60 | D        | Noticed a destroyer
    61 | D        | Killed a destroyer
    63 | D        | Killed a destroyer
    66 | D        | Noticed a meat beast
    66 | D        | Noticed a destroyer
    68 | D        | Noticed a meat beast
    69 | D        | Killed a destroyer
    70 | D        | Killed a destroyer
    70 | D        | Killed a destroyer
    71 | D        | Killed a meat beast
    72 | D        | Killed a meat beast
    73 | D        | Noticed a meat beast
    74 | D        | Noticed a meat beast
    74 | D        | Noticed a meat beast
    74 | D        | Noticed a meat beast
    75 | D        | Noticed a meat beast
    75 | D        | Noticed a destroyer
    78 | D        | Noticed a meat beast
    78 | D        | Noticed a dread
    81 | D        | Noticed a meat beast
    82 | D        | Killed a meat beast
    83 | D        | Killed a meat beast
    83 | D        | Killed a meat beast
    84 | D        | Killed a meat beast
    84 | D        | Killed a meat beast
    84 | D        | Killed a meat beast
    85 | D        | Noticed a meat beast
    86 | D        | Noticed a meat beast
    86 | D        | Noticed a destroyer
    86 | D        | Noticed a dread
    89 | D        | Killed a meat beast
    90 | D        | Noticed a large bag of meat
    91 | D        | Killed a destroyer
    91 | D        | Killed a meat beast
    91 | D        | Killed a meat beast
    92 | D        | Killed a dread
    92 | D        | Killed a large bag of meat
    93 | D        | Noticed a large bag of meat
    94 | D        | Killed a destroyer
    95 | D        | Noticed a tyrant
    95 | D        | Noticed The Servant
    99 | D        | Noticed a destroyer
   101 | D        | Killed a destroyer
   102 | D        | HP: 11/323 [??? (8)]
   103 | D        | Killed a tyrant
   103 | D        | HP: 5/323 [The Servant/+9 glaive of flaming (128)]
   103 | D        | Demolished by The Servant

Vault maps used:
D:        meatsprint

Skill      XL: |  1  2  3  4  5  6  7  8  9 10 11 12 13 14 15 16 17 18 19 20 21 22 23 |
---------------+----------------------------------------------------------------------+-----
Fighting       | 16 18 19 21 23 24 26 27 | 27.0
Axes           | 9 10 11 12 15 16 18 20 23 27 | 27.0
Armour         | 14 16 18 19 21 22 24 25 27 | 27.0
Shields        | 14 16 17 18 20 21 23 24 25 27 | 27.0
Dodging        | 8 11 15 17 20 24 27 | 27.0
Stealth        | 8 12 16 18 21 26 27 | 27.0
Throwing       | 13 19 26 27 | 27.0
Unarmed Combat | 13 19 26 27 | 27.0
Spellcasting   | 13 19 26 27 | 27.0
Invocations    | 17 25 27 | 27.0

Action                   |  1- 3 |  4- 6 |  7- 9 | 10-12 | 13-15 | 16-18 | 19-21 | 22-24 | 25-27 || total
-------------------------+-------+-------+-------+-------+-------+-------+-------+-------+-------++-------
Melee: Executioner's axe |     1 |       |       |     2 |     1 |     2 |     3 |     3 |    35 ||    47
Armor: Scale mail        |       |       |       |       |       |     1 |       |       |     6 ||     7
Dodge: Dodged            |       |       |       |       |       |       |       |     2 |    26 ||    28

Table legend:
 A = Spawn XP
 B = Non-spawn XP
 C = Spawn XP percentage of total XP
 D = Spawn monster count
 E = Non-spawn monster count
 F = Spawn count percentage of total count
 G = Total turns spent on level
                    A         B        C        D         E        F      G
               +---------+---------+-------+---------+---------+-------+---------
         Total |       0 | 5467618 |   0.0 |       0 |     167 |   0.0 |   103
               +---------+---------+-------+---------+---------+-------+---------
             D |       0 | 5467618 |   0.0 |       0 |     167 |   0.0 |   103
               +---------+---------+-------+---------+---------+-------+---------
